 Dungeon Crawl Stone Soup version 0.25.0-37-gb73750e0fb (console) character file.

Game seed: 14433795257848987488

14038 Kagalorn the Brawler (level 11, -12/95 HPs)
             Began as a Minotaur Wanderer on July 8, 2020.
             Was the Champion of Cheibriados.
             Mangled by Urug
             ... wielding a +3 eveningstar
              (15 damage)
             ... on level 11 of the Dungeon.
             The game lasted 00:25:18 (11334 turns).

Kagalorn the Brawler (Minotaur Wanderer)           Turns: 11334, Time: 00:25:19

Health: -12/95     AC: 12    Str: 35    XL:     11   Next: 83%
Magic:  12/16      EV: 18    Int: 31    God:    Cheibriados [******]
Gold:   36         SH:  0    Dex: 24    Spells: 10/10 levels left

rFire    + . .     SeeInvis .     - Unarmed
rCold    + . .     Gourm    .   (no shield)
rNeg     . . .     Faith    +   q - +1 chain mail
rPois    .         Spirit   .   (helmet restricted)
rElec    .         Reflect  .   L - scarf {rC+ rF+}
rCorr    .         Harm     .   (no gloves)
MR       .....                  (no boots)
Stlth    ..........             C - amulet of faith
HPRegen  0.25/turn              E - +6 ring of intelligence
MPRegen  0.15/turn              (no ring)

@: studying Dodging, very slow
A: retaliatory headbutt, horns 2
a: Bend Time, Temporal Distortion, Slouch, Step From Time, Renounce Religion


You were on level 11 of the Dungeon.
You worshipped Cheibriados.
Cheibriados was exalted by your worship.
You were hungry.

You visited 2 branches of the dungeon, and saw 12 of its levels.
You also visited: Ossuary.

You collected 660 gold pieces.
You spent 624 gold pieces at shops.

Inventory:

Missiles
 h - 201 arrows
 i - 4 javelins
 j - 306 stones
 l - 3 atropa-tipped darts
 m - 103 sling bullets
 s - 53 bolts
 w - 14 boomerangs
 B - 16 poisoned darts (quivered)
Armour
 q - a +1 chain mail (worn)
 z - a +2 ring mail of fire resistance
 L - a scarf of resistance (worn)
Jewellery
 A - an uncursed ring of ice
 C - an amulet of faith (around neck)
 E - a +6 ring of intelligence (left hand)
Wands
 o - a wand of paralysis (10)
 r - a wand of enslavement (10)
 y - a wand of digging (7)
 I - a wand of flame (9)
 N - a wand of polymorph (10)
Scrolls
 b - 3 scrolls of amnesia
 k - 6 scrolls of teleportation
 n - 2 scrolls of enchant armour
 p - 8 scrolls of remove curse
 x - 2 scrolls of blinking
 D - a scroll of vulnerability {unknown}
 K - 2 scrolls of fear
 M - a scroll of enchant weapon {unknown}
Potions
 a - a potion of haste
 c - a potion of ambrosia
 d - 7 potions of curing
 e - a potion of berserk rage
 g - 6 potions of cancellation
 t - 6 potions of lignification
 u - 2 potions of brilliance
 v - a potion of magic
 G - a potion of heal wounds
 H - a potion of resistance
 J - a potion of might
Books
 F - a manual of Dodging
Comestibles
 f - 22 rations


   Skills:
 + Level 8.9 Fighting
   Level 2.1 Bows
 - Level 1.0 Throwing
 - Level 10.0 Armour
 - Level 10.0 Dodging
   Level 1.2 Shields
 - Level 15.0 Unarmed Combat
 * Level 9.2 Invocations


You had 10 spell levels left.
You didn't know any spells.
Your spell library contained the following spells:

 Spells                   Type           Power        Failure   Level  Hunger
 Animate Skeleton         Necr           N/A          28%         1    ##.....
 Foxfire                  Conj/Fire      #...         28%         1    ##.....
 Magic Dart               Conj           #...         28%         1    ##.....
 Pain                     Necr           #...         28%         1    ##.....
 Searing Ray              Conj           #.....       41%         2    ###....
 Conjure Flame            Conj/Fire      #.......     65%         3    ####...
 Dazzling Flash           Conj/Hex       #.....       65%         3    ####...
 Inner Flame              Hex/Fire       #.......     65%         3    ####...
 Vampiric Draining        Necr           #.........   65%         3    ####...
 Animate Dead             Necr           N/A          96%         4    #####..
 Fulminant Prism          Conj/Hex       #.........   96%         4    #####..
 Iskenderun's Mystic Bla  Conj/Tloc      #.......     96%         4    #####..
 Sticky Flame             Conj/Fire      #.......     96%         4    #####..
 Agony                    Necr           #.......     100%        5    ######.
 Fireball                 Conj/Fire      #.........   100%        5    ######.


Dungeon Overview and Level Annotations

Branches:
Dungeon (11/15)            Temple (1/1) D:5            Lair (0/6) D:8
    Orc (0/2) D:10        Ossuary (visited)

Altars:
Ashenzari
Cheibriados
Dithmenos
Elyvilon
Fedhas
Gozag
Hepliaklqana
Kikubaaqudgha
Makhleb
Nemelex Xobeh
Okawaru
Qazlal
Ru
Sif Muna
Trog
Uskayaw
Vehumet
Wu Jian
Xom
Yredelemnul
Zin
The Shining One

Shops:
D:5 %   D:10 *

Annotations:
D:11 Urug


Innate Abilities, Weirdness & Mutations

You reflexively headbutt those who attack you in melee.
You have a pair of horns on your head.


Message History

You barely miss Urug. Your headbutt misses Urug. You pummel Urug!!
Your headbutt misses Urug.
Urug is heavily wounded.
Urug barely misses you. You furiously retaliate!
You headbutt Urug! You hit Urug. Your headbutt misses Urug.
Urug is severely wounded.
You hit Urug but do no damage. Your headbutt misses Urug.
Urug is severely wounded.
Urug hits you with a +3 eveningstar!!
* * * LOW HITPOINT WARNING * * *
You closely miss Urug.
Urug is severely wounded.
Urug hits you with a +3 eveningstar!!
* * * LOW HITPOINT WARNING * * *
You barely miss Urug. You headbutt Urug, but do no damage.
Urug is severely wounded.
You hit Urug but do no damage. Your headbutt misses Urug.
Urug is severely wounded.
Urug hits you with a +3 eveningstar!
You die...

# #....# # #....# #
####....##### #
#...........#... #
#...........#....# ####
#...........#....# #...
#...........#....# #...
#.....o@(...#....####...
#...........#...........
#...........#........###
#...........#........#
#...........'........#
#############........#
..............#
..............#
..............#


You could see Urug.

Vanquished Creatures
  Josephine (D:10)
  3 two-headed ogres
  An unseen horror (D:11)
  Maurice (D:9)
  A centaur skeleton (D:10)
  Grinder (D:3)
  A hippogriff (D:9)
  Sigmund (D:3)
  A spriggan (D:8)
  A shadow (D:10)
  3 wraiths (D:10)
  A wyvern (D:8)
  15 yaks
  A hungry ghost (D:10)
  Edmund (D:4)
  A water moccasin (D:6)
  Duvessa (D:7)
  A sky beast (D:9)
  2 ice beasts (D:6)
  8 orc warriors
  3 phantoms
  2 black bears
  4 ogres
  5 centaurs
  A crocodile (D:8)
  A big kobold (D:11)
  An elf zombie (Ossuary)
  3 bullfrogs
  Dowan (D:7)
  A wyvern zombie (D:10)
  A water moccasin zombie (D:9)
  A wyvern skeleton (D:8)
  6 scorpions
  A water moccasin skeleton (D:6)
  9 wights
  6 howler monkeys
  3 bullfrog zombies
  7 crimson imps
  A bullfrog skeleton (D:10)
  A centaur zombie (D:7)
  3 hounds
  18 orc wizards
  A gnoll shaman (D:3)
  5 jellies
  5 orc priests
  4 iguanas
  16 worker ants
  8 ogre zombies (D:10)
  A big kobold zombie (Ossuary)
  2 hound zombies (Ossuary)
  A hound skeleton (D:4)
  4 mummies (Ossuary)
  7 gnolls
  A howler monkey skeleton (D:4)
  18 adders
  3 shadow imps
  2 oozes
  An adder zombie (Ossuary)
  2 dart slugs (D:1)
  3 leopard geckos
  71 orcs
  9 giant cockroaches
  5 goblins
  8 hobgoblins
  6 jackals
  6 quokkas
  A ball python zombie (D:5)
  8 bats
  4 frilled lizards
  4 goblin skeletons (D:10)
  A goblin zombie (D:10)
  5 hobgoblin zombies
  A jackal skeleton (D:7)
  2 jackal zombies (Ossuary)
  11 kobolds
  4 orc skeletons (D:10)
  13 orc zombies (D:10)
  7 rats
  2 rat zombies (Ossuary)
377 creatures vanquished.

Notes
Turn   | Place    | Note
-------+----------+-------------------------------------------
     0 | D:1      | Kagalorn the Minotaur Wanderer began the quest for the Orb.
     0 | D:1      | Kagalorn set off with the following items: a +2 shortbow,
                  | 27 arrows, a +0 ring mail, a potion of curing, a ration
     0 | D:1      | Reached XP level 1. HP: 16/16 MP: 0/0
    91 | D:1      | Reached skill level 1 in Dodging
   325 | D:1      | Reached XP level 2. HP: 23/24 MP: 1/1
   591 | D:1      | Reached XP level 3. HP: 29/29 MP: 2/2
  1720 | D:2      | Reached XP level 4. HP: 36/37 MP: 3/3
  2147 | D:3      | Noticed an orc warrior
  2209 | D:3      | Killed an orc warrior
  2209 | D:3      | Reached XP level 5. HP: 23/46 MP: 4/4
  2649 | D:3      | Noticed Sigmund
  2670 | D:3      | Killed Sigmund
  2670 | D:3      | Reached XP level 6. HP: 42/53 MP: 5/5
  2786 | D:3      | Noticed Grinder
  2793 | D:3      | Paralysed by Grinder for 7 turns
  2804 | D:3      | Killed Grinder
  2804 | D:3      | Reached skill level 5 in Fighting
  2804 | D:3      | Reached XP level 7. HP: 21/61 MP: 6/6
  3342 | D:4      | Reached skill level 5 in Dodging
  3493 | D:4      | Reached skill level 1 in Unarmed Combat
  3941 | D:4      | Reached skill level 2 in Unarmed Combat
  3996 | D:4      | Noticed Edmund
  4049 | D:4      | Killed Edmund
  4049 | D:4      | Reached skill level 3 in Unarmed Combat
  4159 | D:4      | HP: 2/61 [ogre/+0 giant spiked club (20)]
  4161 | D:4      | Reached skill level 4 in Unarmed Combat
  4491 | D:4      | Reached XP level 8. HP: 67/68 MP: 7/7
  4499 | D:4      | Found a basalt altar of Yredelemnul.
  4777 | D:5      | Entered Level 5 of the Dungeon
  4780 | D:5      | Reached skill level 5 in Unarmed Combat
  4898 | D:5      | Reached skill level 6 in Unarmed Combat
  5032 | D:5      | Found a staircase to the Ecumenical Temple.
  5046 | Temple   | Entered the Ecumenical Temple
  5346 | Temple   | Became a worshipper of Cheibriados the Contemplative
  5462 | D:5      | Found a hazy altar of Hepliaklqana.
  5525 | D:5      | Found Zyaxtiwk's Food Shop.
  5599 | D:5      | Reached skill level 7 in Unarmed Combat
  5599 | D:5      | Reached skill level 1 in Invocations
  5842 | D:5      | Found a sacrificial altar of Ru.
  6260 | D:6      | Reached * piety under Cheibriados
  6260 | D:6      | Reached skill level 8 in Unarmed Combat
  6497 | D:6      | Reached XP level 9. HP: 57/74 MP: 9/9
  6648 | D:6      | Reached skill level 9 in Unarmed Combat
  7046 | D:7      | Reached skill level 10 in Armour
  7051 | D:7      | Noticed Duvessa
  7053 | D:7      | Noticed Dowan
  7055 | D:7      | Killed Duvessa
  7061 | D:7      | Killed Dowan
  7061 | D:7      | Reached skill level 10 in Unarmed Combat
  7132 | D:7      | Reached ** piety under Cheibriados
  7283 | D:7      | Found a sand-covered staircase.
  7414 | Ossuary  | Entered an ossuary
  7422 | Ossuary  | Reached skill level 11 in Unarmed Combat
  7925 | D:7      | Reached *** piety under Cheibriados
  8096 | D:7      | Reached skill level 12 in Unarmed Combat
  8145 | D:7      | Reached XP level 10. HP: 77/81 MP: 12/12
  8234 | D:8      | Reached **** piety under Cheibriados
  8288 | D:8      | Reached skill level 5 in Invocations
  8365 | D:8      | Reached ***** piety under Cheibriados
  8411 | D:8      | Found a staircase to the Lair.
  8585 | D:8      | Reached skill level 13 in Unarmed Combat
  8684 | D:8      | Found an opulent altar of Gozag.
  8993 | D:9      | Noticed a two-headed ogre
  8998 | D:9      | Killed a two-headed ogre
  9328 | D:9      | Reached skill level 14 in Unarmed Combat
  9358 | D:9      | Noticed Maurice
  9369 | D:9      | Killed Maurice
  9705 | D:9      | Found a shimmering blue altar of Sif Muna.
  9773 | D:9      | Found a radiant altar of Vehumet.
  9813 | D:9      | Found a stormy altar of Qazlal.
  9814 | D:9      | Found a shimmering altar of Xom.
  9974 | D:10     | Entered Level 10 of the Dungeon
 10083 | D:10     | Reached ****** piety under Cheibriados
 10221 | D:10     | Reached XP level 11. HP: 82/91 MP: 14/14
 10432 | D:10     | Found a staircase to the Orcish Mines.
 10603 | D:10     | Found Xocasomn's General Store.
 10606 | D:10     | Bought a scroll of acquirement for 624 gold pieces
 10607 | D:10     | Acquired a manual of Dodging
 10944 | D:10     | Noticed a two-headed ogre
 10954 | D:10     | Killed a two-headed ogre
 10954 | D:10     | Reached skill level 15 in Unarmed Combat
 11074 | D:10     | Noticed Josephine
 11080 | D:10     | Killed Josephine
 11080 | D:10     | Reached skill level 10 in Dodging
 11299 | D:11     | Noticed a two-headed ogre
 11305 | D:11     | Killed a two-headed ogre
 11312 | D:11     | Killed an unseen horror
 11326 | D:11     | Noticed Urug
 11332 | D:11     | HP: 2/95 [Urug/+3 eveningstar (22)]
 11334 | D:11     | Mangled by Urug

Illustrated notes

Levels and vault maps discovered:
D:1:      minmay_arrival_wavy_path, layout_rooms, chequers_garden
D:2:      layout_basic, minmay_3d_cube
D:3:      layout_rooms, uniq_grinder, uniq_sigmund
D:4:      layout_gridville, yredelemnul_altar_generic, first_ration,
          minmay_manual_mess, uniq_edmund
D:5:      layout_rooms, lemuel_doored_altar, old_standard_altar,
          minmay_temple_entry_statues_pillars, serial_shops,
          kennysheep_little_box, chequers_serial_rivers_micro_c
D:6:      layout_basic
D:7:      cheibrodos_barr_body, layout_rooms,
          nicolae_ossuary_entry_false_entrances, uniq_duvessa
D:8:      layout_rooms, grunt_gozag_breadcrumbs, lair_entry_dummy, serial_glass,
          glass_columns_a, glass_columns_c, glass_columns_a, glass_columns_c,
          kennysheep_doodads, hangedman_abyss_or_decor_stagger, grunt_pizzeria,
          kennysheep_generic_room_14
D:9:      layout_basic, led_sif_pool, kennysheep_mini_moat, minitemple,
          hangedman_decor_riveting, uniq_maurice
D:10:     layout_loops_ring, zombieorc2_lemuel, serial_shops, kennysheep_mini,
          uniq_josephine
D:11:     layout_irregular_city, portal_ice_cave_entry_animals_and_master,
          uniq_urug
Temple:   eino_temple_water

Skill      XL: |  1  2  3  4  5  6  7  8  9 10 11 |
---------------+----------------------------------+-----
Dodging        | 1 2 3 4 5 6 8 9 10 | 10.0
Fighting       | 2 3 4 5 6 8 |  8.9
Armour         | 7 8 9 10 | 10.0
Unarmed Combat | 4 8 12 14 15 | 15.0
Invocations    | 2 4 6 9 |  9.2
Bows           | |  2.1
Throwing       | |  1.0
Shields        | |  1.2

Action                   |  1- 3 |  4- 6 |  7- 9 | 10-12 || total
-------------------------+-------+-------+-------+-------++-------
Melee: Unarmed           |    29 |       |   472 |   317 ||   818
       Headbutt          |     8 |    15 |   108 |   109 ||   240
       Spear             |   109 |    69 |       |       ||   178
       Morningstar       |       |    34 |       |       ||    34
       Trident           |       |     6 |       |       ||     6
       Hand axe          |       |       |    24 |       ||    24
       Punch             |       |       |    14 |    25 ||    39
 Fire: Shortbow          |       |     7 |       |       ||     7
Throw: Dart              |       |       |       |     3 ||     3
Invok: Slouch            |       |       |       |     1 ||     1
       Temporal Distorti |       |       |       |     1 ||     1
  Use: Potion            |       |     1 |       |       ||     1
       Scroll            |       |       |    18 |     7 ||    25
 Stab: Distracted        |       |       |       |     1 ||     1
  Eat: Chunk             |     2 |     4 |    15 |     6 ||    27
Armor: Ring mail         |    42 |       |       |       ||    42
       Chain mail        |    33 |    58 |   204 |    59 ||   354
Dodge: Dodged            |    69 |    63 |   227 |   188 ||   547
